 Dungeon Crawl Stone Soup version 0.28-a0-2-g643f2454ad (webtiles) character file.

Game seed: 14451430690804771021

118 Sin92 the Skirmisher (level 4, 0/35 HPs)
             Began as a Demonspawn Fighter on July 22, 2021.
             Killed by nerve-wracking pain
             ... invoked by Jessica
              (13 damage)
             ... on level 2 of the Dungeon.
             The game lasted 00:01:30 (2148 turns).

Sin92 the Skirmisher (Demonspawn Fighter)           Turns: 2148, Time: 00:01:30

Health: 0/35       AC:  8    Str: 17    XL:     4   Next: 72%
Magic:  4/4        EV:  7    Int:  9    God:
Gold:   44         SH:  9    Dex: 13    Spells: 3/3 levels left

rFire   . . .      SeeInvis .   a - +0 war axe
rCold   . . .      Faith    .   c - +0 kite shield
rNeg    . . .      Spirit   .   b - +0 scale mail
rPois   .          Reflect  .   (helmet restricted)
rElec   .          Harm     .   f - scarf {+Inv}
rCorr   .          Rampage  .   (no gloves)
Will    .....                   (no boots)
Stlth   ..........              (no amulet)
HPRegen 0.11/turn               (no ring)
MPRegen 0.18/turn               (no ring)

@: no status effects
A: horns 1, thin metallic scales 1, magic regeneration
a: Evoke Invisibility


You were on level 2 of the Dungeon.
You visited 1 branch of the dungeon, and saw 2 of its levels.

You collected 44 gold pieces.

Inventory:

Hand Weapons
 a - a +0 war axe (weapon)
Missiles
 j - 2 throwing nets (quivered)
Armour
 b - a +0 scale mail (worn)
 c - a +0 kite shield (worn)
 f - a scarf of invisibility (worn)
Scrolls
 e - a scroll of identify {unknown}
 h - a scroll of amnesia {unknown}
Potions
 d - a potion of might
 g - 2 potions of resistance {unknown}
 i - a potion of degeneration {unknown}
 k - 2 potions of cancellation {unknown}


   Skills:
 + Level 3.4 Fighting
 * Level 3.0 Axes
 + Level 3.2 Armour
 + Level 1.3 Dodging
 + Level 3.1 Shields


You had 3 spell levels left.
You didn't know any spells.
Your spell library contained the following spells:

 Spells                   Type           Power      Damage    Failure   Level
 Shock                    Conj/Air       0%         1d3       99%         1
 Swiftness                Air            0%         N/A       100%        3
 Airstrike                Air            0%         N/A       100%        4


Dungeon Overview and Level Annotations

Branches:
Dungeon (2/15)

Altars:

Annotations:
D:2 Jessica


Innate Abilities, Weirdness & Mutations

You have a pair of small horns on your head.
You are partially covered in thin metallic scales. (AC +2)
You regenerate magic rapidly.


Message History

Found a stone staircase leading up.
No target in view!
Unknown command.
Found an escape hatch in the floor.
No target in view!
Unknown command.
Jessica the Apprentice Sorceress comes into view.
She is wielding a +0 dagger and carrying a wand of flame (16).
Unknown command.
Jessica is nearby!
Jessica is nearby!
Unknown command.
Jessica barely misses you.
Jessica is nearby!
Unknown command.
You hit Jessica.
Jessica is severely wounded.
Jessica closely misses you.
Jessica zaps a wand.
The puff of flame hits you!
Jessica is nearby!
Unknown command.
You hit Jessica but do no damage.
Jessica is severely wounded.
Jessica gestures at you while chanting. Pain shoots through your body!
Jessica hits you but does no damage.
Unknown command.
Jessica is nearby!
You are too injured to fight recklessly!
Unknown command.
Jessica is nearby!
You are too injured to fight recklessly!
Unknown command.
Jessica is nearby!
You are too injured to fight recklessly!
Unknown command.
Jessica is nearby!
You are too injured to fight recklessly!
You barely miss Jessica.
Jessica is severely wounded.
Jessica casts a spell at you. Pain shoots through your body!
You die...

##.....#.)# #.## ##.#
.......#..####.###..#
.#..............#.#.#
.#.....#..######.##.#
.....###..# #.##.#
...>^.....# #.##.#
#.#######.# #.##<#
...# #.# #.##.# #..#
.# #@# .# #..# .. #@#
#.... .>. ......
....# #....... .....#
#######. #.....#
#.....# ###....


You could see Jessica.

Vanquished Creatures
  3 adders (D:2)
  3 gnolls (D:2)
  2 worms (D:2)
  3 dart slugs
  4 endoplasms
  3 giant cockroaches (D:1)
  3 hobgoblins
  4 jackals (D:1)
  5 kobolds (D:1)
  3 quokkas (D:1)
  4 ball pythons
  4 bats
  2 frilled lizards
  2 goblins
  3 rats (D:1)
48 creatures vanquished.

Notes
Turn   | Place    | Note
-------+----------+-------------------------------------------
     0 | D:1      | Sin92 the Demonspawn Fighter began the quest for the Orb.
     0 | D:1      | Reached XP level 1. HP: 18/18 MP: 1/1
   231 | D:1      | Gained mutation: You regenerate magic rapidly. [demonic
                  | ancestry]
   231 | D:1      | Reached XP level 2. HP: 24/24 MP: 2/2
   792 | D:1      | Gained mutation: You have a pair of small horns on your
                  | head. [demonic ancestry]
   792 | D:1      | Reached XP level 3. HP: 29/29 MP: 3/3
  1633 | D:2      | Reached skill level 1 in Dodging
  1792 | D:2      | Gained mutation: You are partially covered in thin metallic
                  | scales. (AC +2) [demonic ancestry]
  1792 | D:2      | Reached XP level 4. HP: 25/35 MP: 4/4
  2001 | D:2      | Found a faded altar of an unknown god.
  2142 | D:2      | Noticed Jessica
  2148 | D:2      | Killed from afar by Jessica

Illustrated notes

Levels and vault maps discovered:
D:1:      minmay_arrival_nine_rooms, layout_loops_ring
D:2:      layout_loops_ring, chequers_ecumenical_altar_simple,
          minmay_misc_feat_encased, uniq_jessica

Skill      XL: |  1  2  3  4 |
---------------+-------------+-----
Axes           | 2 3 |  3.0
Armour         | 3 |  3.2
Dodging        | 1 |  1.3
Shields        | 3 |  3.1
Fighting       | |  3.4

Action                   |  1- 3 |  4- 6 || total
-------------------------+-------+-------++-------
Melee: War axe           |   102 |    21 ||   123
       Headbutt          |     7 |     4 ||    11
  Use: Scroll            |     1 |       ||     1
Armor: Scale mail        |    57 |    14 ||    71
Dodge: Dodged            |    44 |     9 ||    53
Block: Kite shield       |    65 |     7 ||    72

Table legend: (Time is in decaauts)
 A = Elapsed time spent in this place.
 B = Non-inter-level travel time spent in this place.
 C = Inter-level travel time spent in this place.
 D = Time resting spent in this place.
 E = Time spent auto-exploring this place.
 F = Levels seen in this place.
 G = Mean time per level.
                   A        B        C        D        E       F      G
               +--------+--------+--------+--------+--------+-----+--------+
         Total |   2224 |   2166 |     58 |    247 |   1586 |   2 | 1112.0 |
       Dungeon |   2224 |   2166 |     58 |    247 |   1586 |   2 | 1112.0 |
               +--------+--------+--------+--------+--------+-----+--------+

Top non-repeatable levels by time:
     D:1: 1382 daAuts
     D:2: 842 daAuts
